 Dungeon Crawl Stone Soup version 0.29-a0-982-gaed3a0c8d8 (webtiles) character file.

Game seed: 5786761043560706407

14973 MisterAzrael the Thaumaturge (level 12, -8/89 HPs)
             Began as a Djinni Fire Elementalist on Aug 1, 2022.
             Was a Priest of Qazlal.
             Mangled by an ogre
             ... wielding a +0 giant spiked club
             ... led by Lodul
              (23 damage)
             ... on level 10 of the Dungeon.
             The game lasted 00:32:16 (12897 turns).

MisterAzrael the Thaumaturge (DjFE)                Turns: 12897, Time: 00:32:17

Health: -8/89      AC: 14    Str: 15    XL:     12   Next: 51%
Gold:   1057       EV: 12    Int: 19    God:    Qazlal [***...] SH:  4 Dex: 21

rFire   + + +      SeeInvis +   a - +10 great sword of the Vulture {vorpal, Will+ Str+6}
rCold   x . .      Faith    .   (shield currently unavailable)
rNeg    . . .      Spirit   .   t - +3 leather armour {rF+}
rPois   ∞          Reflect  .   m - +0 helmet
rElec   .          Harm     .   s - +2 cloak
rCorr   .          Rampage  .   o - +2 pair of gloves
Will    ++...                   (boots unavailable)
Stlth   ++........              e - amulet of regeneration
HPRegen 1.04/turn               c - +6 ring of dexterity
MPRegen 0.00/turn               G - ring of see invisible

@: about to teleport, flying
A: sickness immunity, fire resistance 2, cold vulnerability 1, float, innate
caster, HP casting, extra vitality 1
a: Renounce Religion, Upheaval, Elemental Force


You were on level 10 of the Dungeon.
You worshipped Qazlal.
Qazlal was most pleased with you.
You visited 2 branches of the dungeon, and saw 12 of its levels.

You collected 1057 gold pieces.

Inventory:

Hand Weapons
 a - the +10 great sword of the Vulture (weapon) {vorpal, Will+ Str+6}
   (You found it on level 3 of the Dungeon)

   It inflicts extra damage upon your enemies.
   Str:       It affects your strength (+6).
   Will:      It increases your willpower.
 b - a +0 arbalest
 E - a +1 demon whip of venom
 J - a +4 shortbow
Missiles
 g - 6 boomerangs
Armour
 f - an orb of energy
 m - a +0 helmet (worn)
 n - +0 steam dragon scales
 o - a +2 pair of gloves (worn)
 s - a +2 cloak (worn)
 t - a +3 leather armour of fire resistance (worn)
Magical Staves
 H - a staff of conjuration
Jewellery
 c - a +6 ring of dexterity (left hand)
 e - an amulet of regeneration (around neck)
 u - a +4 ring of evasion
 G - a ring of see invisible (right hand)
Wands
 k - a wand of light (18)
 r - a wand of paralysis (4)
 x - a wand of flame (50)
 B - a wand of digging (4)
 C - a wand of roots (15)
Scrolls
 i - a scroll of immolation {unknown}
 p - 3 scrolls of silence
 q - 4 scrolls of identify
 y - a scroll of fog
 F - 2 scrolls of teleportation
Potions
 d - a potion of magic {unknown}
 h - a potion of degeneration
 j - 2 potions of cancellation {unknown}
 l - 6 potions of curing
 v - 5 potions of might
 w - a potion of lignification {unknown}
 z - 2 potions of haste {unknown}
 A - a potion of flight {unknown}
 D - 2 potions of mutation {unknown}
 I - 2 potions of attraction {unknown}
 M - 4 potions of ambrosia


   Skills:
 + Level 9.2 Fighting
 + Level 7.9 Long Blades
 - Level 4.6 Ranged Weapons
 + Level 4.0 Armour
 - Level 2.3 Dodging
 - Level 1.7 Stealth
 * Level 10.4 Spellcasting
 * Level 2.0 Invocations


You had 5 spell levels left.
You knew the following spells:

 Your Spells              Type           Power      Damage    Failure   Level
a - Foxfire               Conj/Fire      100%       2x1d9     1%          1
b - Scorch                Fire           98%        2d10      1%          2
c - Conjure Flame         Conj/Fire      49%        6-21      1%          3
d - Inner Flame           Hex/Fire       49%        N/A       1%          3
e - Flame Wave            Conj/Fire      49%        2d12      1%          4
f - Necrotise             Necr           100%       1d9       1%          1
g - Searing Ray           Conj           98%        2d8       1%          2
h - Summon Guardian Gole  Hex/Summ       49%        N/A       1%          3
i - Portal Projectile     Hex/Tloc       98%        N/A       1%          3
j - Anguish               Hex/Necr       24%        N/A       1%          4
Your spell library was empty.

Dungeon Overview and Level Annotations

Branches:
Dungeon (11/15)            Temple (1/1) D:6
   Lair: D:8-11         Orc: D:9-12

Altars:
Ashenzari
Cheibriados
Dithmenos
Elyvilon
Fedhas
Gozag
Hepliaklqana
Makhleb
Nemelex Xobeh
Okawaru
Qazlal
Ru
Trog
Uskayaw
Wu Jian
Xom
Yredelemnul
Zin
The Shining One

Shops:
D:10 [

Annotations:
D:11 Josephine


Innate Abilities, Weirdness & Mutations

You are immune to sickness and miasma.
You are immune to poison.
Your flesh is very heat resistant. (rF++)
You are vulnerable to cold. (rC-)
You float through the air rather than walking.
You learn spells naturally, not from books.
Your magical power is your life essence.
You have superior vitality. (+4 MHP)


Message History

The five-headed hydra bites you.
The five-headed hydra bites you but does no damage.
The centaur warrior simulacrum hits you but does no damage.
The centaur warrior simulacrum kicks you but does no damage.
The howler monkey hits you.
There is a stone staircase leading up here.
The centaur warrior simulacrum barely misses you.
The centaur warrior simulacrum kicks you but does no damage.
The wraith barely misses you. The five-headed hydra bites you. x2
The five-headed hydra bites you!
You block the five-headed hydra's attack.
The five-headed hydra closely misses you.
The howler monkey hits you. The ogre closely misses you.
The centaur warrior simulacrum closely misses you.
The centaur warrior simulacrum kicks you but does no damage.
You fly upwards.
There is a stone staircase leading down here.
As you read the scroll of teleportation, it crumbles to dust.
You feel strangely unstable. The wraith barely misses you.
The five-headed hydra barely misses you.
The five-headed hydra bites you.
The five-headed hydra barely misses you.
The five-headed hydra completely misses you.
The five-headed hydra bites you. You block the howler monkey's attack.
Casting: Flame Wave (mildly dangerous; 1% risk of failure)
Confirm with . or Enter, or press ? or * to list all spells.
Casting: Flame Wave (mildly dangerous; 1% risk of failure)
Press: ? - help, Dir - look around, f - activate
Okay, then.
Casting: Flame Wave (mildly dangerous; 1% risk of failure)
Confirm with . or Enter, or press ? or * to list all spells.
Okay, then.
The five-headed hydra attacks as you move away!
The five-headed hydra bites you but does no damage.
The five-headed hydra closely misses you.
The five-headed hydra bites you! x3
* * * LOW HITPOINT WARNING * * *
The ogre attacks as you move away!
The ogre hits you with a +0 giant spiked club!!
You die...

................##
.................##
..................##
..)......≈≈≈≈≈.....##
.[.......≈≈≈≈≈......##
.........≈≈≈≈≈......)##
.........≈≈≈≈≈........##
.........≈≈≈≈≈.DO).....##
...............[@h......##
................○W.......##
..........................##
...<#......)...............##
...###......................##
..## ##......................##
.## ##..)...........≈≈≈≈≈...##
..## ##.........#.....≈≈≈≈≈....##
...###.........###....≈≈≈≈≈.....#


You could see a five-headed hydra, a wraith, an ogre and a howler monkey.

Vanquished Creatures
  3 two-headed ogres
  Amaemon (D:8)
  Lodul (D:10)
  Pikel (D:5)
  An orange demon (D:8)
  2 kobold demonologists
  A troll (D:10)
  3 hornets
  Prince Ribbit (D:5)
  Sigmund (D:5)
  A shadow (D:9)
  A wyvern (D:10)
  21 yaks
  2 steam dragons (D:8)
  4 wargs (D:10)
  An acid dragon (D:9)
  A water moccasin (D:8)
  5 orc warriors
  3 sky beasts
  5 black bears
  2 ice beasts
  7 centaurs
  8 ogres
  4 lemures (D:5)
  3 kobold brigands
  A necrophage (D:6)
  Blork the orc (D:5)
  3 bullfrogs
  A gnoll sergeant (D:9)
  3 scorpions
  A water moccasin zombie (D:7)
  4 wights
  4 killer bees
  2 electric eels (D:10)
  6 howler monkeys
  A lava snake (D:9)
  A jelly (D:8)
  3 hounds
  9 orc priests
  Crazy Yiuf (D:7)
  Natasha (D:3)
  5 iguanas
  Ijyb (D:3)
  Terence (D:2)
  14 orc wizards
  A howler monkey zombie (D:7)
  8 gnolls
  14 adders
  2 white imps
  An ufetubus (D:4)
  A worm (D:4)
  5 dart slugs
  44 orcs
  7 bats
  5 endoplasms
  6 giant cockroaches
  6 goblins
  5 hobgoblins
  5 jackals
  12 kobolds
  8 quokkas
  13 ball pythons
  3 frilled lizards
  8 rats
300 creatures vanquished.

Vanquished Creatures (others)
  416 foxfires
  A fungus (D:6)
417 creatures vanquished.

Grand Total: 717 creatures vanquished

Notes
Turn   | Place    | Note
-------+----------+-------------------------------------------
     0 | D:1      | MisterAzrael the Djinni Fire Elementalist began the quest
                  | for the Orb.
     0 | D:1      | MisterAzrael set off with the following spells memorised:
                  | Foxfire, Scorch, Conjure Flame, Inner Flame, Flame Wave.
     0 | D:1      | Reached XP level 1. HP: 15/15 MP: 0/0
   671 | D:1      | Reached XP level 2. HP: 21/22 MP: 0/0
   796 | D:1      | Reached skill level 1 in Fighting
  1232 | D:1      | Reached XP level 3. HP: 26/27 MP: 0/0
  1232 | D:1      | Learned a level 1 spell: Necrotise
  1895 | D:2      | Reached skill level 3 in Spellcasting
  2079 | D:2      | Reached XP level 4. HP: 19/33 MP: 0/0
  2549 | D:2      | Noticed Terence
  2556 | D:2      | Killed Terence
  2557 | D:2      | Reached XP level 5. HP: 10/39 MP: 0/0
  2557 | D:2      | Learned a level 2 spell: Searing Ray
  3747 | D:3      | Identified the +10 great sword of the Vulture {vorpal,
                  | Will+ Str+6}
  3986 | D:3      | Reached skill level 4 in Spellcasting
  4023 | D:3      | Noticed Natasha
  4037 | D:3      | Killed Natasha
  4038 | D:3      | Reached XP level 6. HP: 20/45 MP: 0/0
  4270 | D:3      | Found an iron altar of Okawaru.
  4460 | D:3      | Noticed Ijyb
  4478 | D:3      | Killed Ijyb
  5194 | D:4      | Found a snail-covered altar of Cheibriados.
  5205 | D:4      | Reached skill level 1 in Long Blades
  5433 | D:4      | Noticed a black bear
  5441 | D:4      | Killed a black bear
  5442 | D:4      | Reached XP level 7. HP: 41/50 MP: 0/0
  5442 | D:4      | Learned a level 3 spell: Summon Guardian Golem
  5728 | D:4      | Found a blossoming altar of Fedhas.
  6033 | D:4      | Reached skill level 5 in Spellcasting
  6596 | D:5      | Entered Level 5 of the Dungeon
  6602 | D:5      | Reached XP level 8. HP: 51/58 MP: 0/0
  6658 | D:5      | Found a white marble altar of Elyvilon.
  6840 | D:5      | Noticed Blork the orc
  6850 | D:5      | Killed Blork the orc
  6927 | D:5      | Found a hide-covered altar of Uskayaw.
  6928 | D:5      | Identified the +0 ring mail "Maenesur" {rN+ Int+4 Stlth+}
  6938 | D:5      | Noticed Pikel
  6952 | D:5      | Killed Pikel
  6953 | D:5      | Reached skill level 5 in Fighting
  6953 | D:5      | Reached skill level 6 in Spellcasting
  6997 | D:5      | Reached XP level 9. HP: 53/65 MP: 0/0
  6997 | D:5      | Learned a level 3 spell: Portal Projectile
  7010 | D:5      | Found a sparkling altar of Nemelex Xobeh.
  7010 | D:5      | Found a glowing golden altar of the Shining One.
  7037 | D:5      | Noticed Sigmund
  7043 | D:5      | Killed Sigmund
  7395 | D:5      | Noticed Prince Ribbit
  7404 | D:5      | Killed Prince Ribbit
  7493 | D:6      | Reached skill level 1 in Ranged Weapons
  7493 | D:6      | Reached skill level 7 in Spellcasting
  7884 | D:6      | Found the +18 Lear's hauberk
  8308 | D:6      | Found a staircase to the Ecumenical Temple.
  8320 | Temple   | Entered the Ecumenical Temple
  8381 | Temple   | Became a worshipper of Qazlal Stormbringer
  8491 | D:7      | Reached skill level 5 in Long Blades
  8496 | D:7      | Reached XP level 10. HP: 65/73 MP: 0/0
  8689 | D:7      | Found a basalt altar of Yredelemnul.
  9451 | D:7      | Found a runed translucent door.
  9452 | D:7      | Noticed Crazy Yiuf
  9684 | D:7      | Killed Crazy Yiuf
  9781 | D:8      | Reached skill level 8 in Spellcasting
  9826 | D:8      | Noticed a kobold demonologist
  9827 | D:8      | Noticed a two-headed ogre
  9831 | D:8      | Noticed a two-headed ogre
  9860 | D:8      | Killed a two-headed ogre
  9860 | D:8      | Reached * piety under Qazlal
  9879 | D:8      | Killed a two-headed ogre
  9880 | D:8      | Reached XP level 11. HP: 49/79 MP: 0/0
  9880 | D:8      | Learned a level 4 spell: Anguish
 10101 | D:8      | Found a sacrificial altar of Ru.
 10113 | D:8      | Noticed Amaemon
 10132 | D:8      | Killed Amaemon
 10133 | D:8      | Reached skill level 9 in Spellcasting
 10512 | D:8      | Found an opulent altar of Gozag.
 10744 | D:8      | Reached ** piety under Qazlal
 11115 | D:9      | Found a bloodstained altar of Trog.
 11120 | D:9      | Identified the +7 dagger "Etuemeo" {vamp, Int+2}
 11225 | D:9      | Reached skill level 1 in Armour
 11487 | D:9      | Found a burning altar of Makhleb.
 11649 | D:10     | Entered Level 10 of the Dungeon
 11712 | D:10     | Reached *** piety under Qazlal
 11713 | D:10     | Reached XP level 12. HP: 27/88 MP: 0/0
 11922 | D:10     | Reached skill level 10 in Spellcasting
 12113 | D:10     | Found Ximinots's Armour Emporium.
 12279 | D:10     | Noticed a two-headed ogre
 12285 | D:10     | Killed a two-headed ogre
 12290 | D:10     | Found a broken altar of Ashenzari.
 12728 | D:11     | Noticed Josephine
 12793 | D:11     | Noticed Lodul
 12804 | D:10     | Killed Lodul
 12805 | D:10     | Reached skill level 1 in Invocations
 12835 | D:11     | Noticed a five-headed hydra
 12897 | D:10     | Mangled by an ogre

Illustrated notes

Levels and vault maps discovered:
D:1:      kennysheep_arrival_seaside, layout_basic
D:2:      layout_loops_ring, shapermc_ecumenical_altar_petra,
          minmay_misc_feat_diagonals, minmay_bisected, uniq_terence
D:3:      layout_loops_ring, nicolae_overflow_hidden_temple, uniq_natasha,
          uniq_ijyb
D:4:      layout_cave_pools, mainiacjoe_overflow_small_starburst,
          mainiacjoe_overflow_six_doors_small, roderic_serpentine_path,
          grunt_ministairs_5, minmay_snake_closets
D:5:      layout_loops_ring, mainiacjoe_overflow_tiny_flanked,
          chequers_temple_overflow_statue_of_worship,
          nicolae_uskayaw_murder_on_the_dancefloor, nicolae_vehumet_altar_sigil,
          portal_sewer_entry_f, uniq_pikel, uniq_prince_ribbit1, uniq_sigmund,
          uniq_blork_the_orc
D:6:      layout_basic, temple_hall, minmay_misc_feat_plants,
          hangedman_abyss_or_decor_stagger
D:7:      layout_layer_cave, lemuel_zombie_altar_yredelemnul,
          uniq_crazy_yiuf_cottage
D:8:      layout_basic, grunt_gozag_breadcrumbs,
          mainiacjoe_overflow_concentric_impassable,
          lightli_bailey_entry_fortress, minmay_joined_circles, uniq_amaemon
D:9:      layout_rooms, kennysheep_little_box, lightli_temple_of_fire,
          marbit_many_paths
D:10:     layout_big_octagon, mainiacjoe_overflow_catwalk, serial_shops, shop,
          kb_lookout_dungeons_type, glass_columns_b, kennysheep_nub,
          nooodl_orcs_dogs
D:11:     layout_cave_pools, erik_lair_island, serial_ice, serial_ice_j,
          serial_ice_m, serial_ice_d, serial_ice_g,
          nicolae_trove_entry_crossroad, lemuel_old_faithful, uniq_josephine,
          uniq_lodul, uniq_snorg
Temple:   nicolae_temple_ecumenical_triangle

Skill      XL: |  1  2  3  4  5  6  7  8  9 10 11 12 |
---------------+-------------------------------------+-----
Fighting       | 1 2 3 4 5 6 7 8 9 |  9.2
Spellcasting   | 3 4 5 6 7 8 9 10 | 10.4
Long Blades    | 1 2 3 5 6 7 |  7.9
Ranged Weapons | 2 3 4 |  4.6
Armour         | 2 4 |  4.0
Invocations    | 2 |  2.0
Dodging        | |  2.3
Stealth        | |  1.7

Action                   |  1- 3 |  4- 6 |  7- 9 | 10-12 || total
-------------------------+-------+-------+-------+-------++-------
Melee: Great sword       |       |    10 |    50 |    44 ||   104
 Fire: Shortbow          |       |       |    11 |       ||    11
 Cast: Foxfire           |    31 |    15 |    75 |   134 ||   255
       Necrotise         |    22 |       |       |       ||    22
       Scorch            |     7 |    56 |    13 |    10 ||    86
       Inner Flame       |       |     3 |    37 |    88 ||   128
       Conjure Flame     |       |     3 |     1 |       ||     4
       Flame Wave        |       |       |     2 |     9 ||    11
       Portal Projectile |       |       |     2 |       ||     2
       Searing Ray       |       |       |       |     1 ||     1
       Anguish           |       |       |       |     2 ||     2
  Use: Potion            |       |     3 |       |     2 ||     5
       Scroll            |       |     8 |       |     8 ||    16
 Stab: Sleeping          |       |       |     3 |       ||     3
Armor: Robe              |    10 |     4 |       |       ||    14
       Leather armour    |       |       |    54 |    78 ||   132
Dodge: Dodged            |    34 |    15 |    78 |   134 ||   261
Block: Other             |       |       |       |    25 ||    25

Table legend: (Time is in decaauts)
 A = Elapsed time spent in this place.
 B = Non-inter-level travel time spent in this place.
 C = Inter-level travel time spent in this place.
 D = Time resting spent in this place.
 E = Time spent auto-exploring this place.
 F = Levels seen in this place.
 G = Mean time per level.
                   A        B        C        D        E       F      G
               +--------+--------+--------+--------+--------+-----+--------+
         Total |  12948 |  12659 |    289 |   2488 |   7803 |  12 | 1079.0 |
       Dungeon |  12874 |  12585 |    289 |   2488 |   7781 |  11 | 1170.4 |
        Temple |     74 |     74 |      0 |      0 |     22 |   1 |   74.0 |
               +--------+--------+--------+--------+--------+-----+--------+

Top non-repeatable levels by time:
     D:3: 1915 daAuts
     D:1: 1886 daAuts
     D:2: 1482 daAuts
     D:4: 1328 daAuts
     D:7: 1326 daAuts
     D:8: 1149 daAuts
    D:10: 1068 daAuts
     D:9: 945 daAuts
     D:5: 897 daAuts
     D:6: 864 daAuts
  Temple: 74 daAuts
    D:11: 8 daAuts
